 Dungeon Crawl Stone Soup version 0.18-a0-1778-gadce9fa (webtiles) character file.

113 nono the Chopper (level 4, 0/40 HPs)
             Began as a Deep Dwarf Berserker on Apr 16, 2016.
             Was a Believer of Trog.
             Slain by an orc
             ... wielding a +0 mace
              (1 damage)
             ... on level 3 of the Dungeon.
             The game lasted 00:04:22 (1519 turns).

nono the Chopper (Deep Dwarf Berserker)             Turns: 1519, Time: 00:04:23

Health: 0/40       AC:  5    Str: 20    XL:     4   Next: 65%
Magic:  4/4        EV: 12    Int:  8    God:    Trog [**....]
Gold:   122        SH:  0    Dex: 13    Spells: 0 memorised, 3 levels left

rFire  . . .     SeeInvis .     l - +0 short sword (venom)
rCold  . . .     Gourm    .     o - +0 ring mail
rNeg   . . .     Faith    .     (no shield)
rPois  .         Spirit   .     (no helmet)
rElec  .         Dismiss  .     (no cloak)
rCorr  .         Reflect  .     (no gloves)
SustAt .         Harm     .     (no boots)
MR     ++...                    (no amulet)
Stlth  +.........               (no ring)
                                (no ring)

@: non-regenerating, very resistant to hostile enchantments, very unstealthy
A: damage resistance, recharge devices, sense surroundings 1, slow regeneration
3
a: Device Recharging, Berserk, Trog's Hand, Burn Spellbooks, Renounce Religion


You were on level 3 of the Dungeon.
You worshipped Trog.
Trog was pleased with you.
You were not hungry.

You visited 1 branch of the dungeon, and saw 3 of its levels.

You collected 122 gold pieces.

Inventory:

Hand Weapons
 a - a +0 hand axe
 l - a +0 short sword of venom (weapon)
Armour
 b - a +0 animal skin
 o - a +0 ring mail (worn)
Jewellery
 n - a +4 ring of strength {unknown}
 t - an uncursed ring of sustain attributes {unknown}
Wands
 c - a wand of heal wounds (4/9)
Scrolls
 e - 2 scrolls of remove curse {unknown}
 f - 2 scrolls of teleportation {unknown}
 g - a scroll of immolation {unknown}
 h - a scroll of enchant weapon {unknown}
 j - 4 scrolls of fog {unknown}
 k - a scroll of recharging {unknown}
 s - a scroll of identify {unknown}
Potions
 i - 4 potions of degeneration {unknown}
 p - a potion of cancellation {unknown}
 r - 2 potions of haste {unknown}
Comestibles
 d - 2 bread rations
 m - 2 fruits
 q - 2 meat rations


   Skills:
 - Level 2.6 Fighting
 + Level 4.4 Axes
 + Level 3.7 Armour
 + Level 3.3 Dodging


You had 3 spell levels left.
You didn't know any spells.

Dungeon Overview and Level Annotations

Branches:
Dungeon (3/15)

Altars:


Innate Abilities, Weirdness & Mutations

You are resistant to damage.
You can recharge devices by infusing magical energy.
You passively map a small area around you.
You do not regenerate naturally.


Message History

The magic dart hits you!
* * * LOW HITPOINT WARNING * * *
The orc barely misses you. The orc hits you but does no damage.
The orc wizard hits you with a dagger. The orc closely misses you.
You hit the orc wizard but do no damage.
The orc wizard is poisoned.
The orc wizard hits you with a dagger.
* * * LOW HITPOINT WARNING * * *
The orc hits you but does no damage. The orc closely misses you.
The orc barely misses you. The orc hits you with a flail!
* * * LOW HITPOINT WARNING * * *
The orc wizard barely misses you.
Evoke which item? (* to show all) (? for menu, Esc to quit)
Zapping:
c - a wand of heal wounds (5/9)
Press: ? - help, Shift-Dir - straight line, f - you You feel much better.
This wand has 4 charges left.
The orc hits you with a whip of electrocution.
You are electrocuted!
* * * LOW HITPOINT WARNING * * *
The orc hits you with a mace.
You die...

...#########.#.#.# *
##.#.......#.#.#.######**
, ......................,
, , ,
##.#.###...#........####
...#.# #.......?........
...#.# #...#............,
...#.# #...#............
, ...#.#
#)..#....o...####
...#...........o@o......
...#######.......o..#...
*,
.....)...........o......
*
...#..#........#.####...
* ...#<...#......#.# ..
...#....#......#.# .
........#......#.# , *
.#.#.#..#...#. #.# * *
.#.#.#### ,


You could see an orc wizard and 4 orcs.

Vanquished Creatures
  A giant frog skeleton (D:3)
  An adder (D:2)
  3 worms (D:2)
  3 dart slugs
  2 giant geckos (D:1)
  A ball python (D:1)
  A giant cockroach (D:1)
  4 hobgoblins
  12 kobolds
  A quokka (D:2)
  5 bats
  2 giant newts (D:1)
  5 goblins
  26 rats
67 creatures vanquished.

Notes
Turn   | Place    | Note
--------------------------------------------------------------
     0 | D:1      | nono the Deep Dwarf Berserker began the quest for the Orb.
     0 | D:1      | Reached XP level 1. HP: 20/20 MP: 1/1
   128 | D:1      | Reached XP level 2. HP: 18/27 MP: 2/2
   605 | D:1      | Reached XP level 3. HP: 16/33 MP: 3/3
   642 | D:2      | Reached ** piety under Trog
   748 | D:2      | Reached skill level 4 in Axes
   930 | D:2      | Reached XP level 4. HP: 33/40 MP: 4/4
  1518 | D:3      | HP: 2/40 [orc/flail (7)]
  1519 | D:3      | Slain by an orc

Vault maps used:
D:1:      ncdulo_halloftheorcs, minivault_11
D:2:      minmay_misc_feat_encased, minmay_rat_hole
D:3:      ecumenical_altar_1

Skill      XL: |  1  2  3  4 |
---------------+-------------+-----
Armour         | 3 |  3.7
Axes           | 4 |  4.4
Dodging        | 3 |  3.3
Fighting       | |  2.6

Action                   |  1- 3 |  4- 6 || total
-------------------------+-------+-------++-------
Melee: Hand axe          |    84 |       ||    84
       Short sword       |    97 |    54 ||   151
Invok: Trog's Hand       |     3 |     2 ||     5
Evoke: Wand              |       |     1 ||     1
 Stab: Sleeping          |     4 |       ||     4
  Eat: Chunk             |     1 |     2 ||     3
Armor: Animal skin       |    28 |     2 ||    30
       Ring mail         |       |    14 ||    14
Dodge: Dodged            |   114 |    32 ||   146
